 Dungeon Crawl Stone Soup version 0.29.1-15-g9cfb28693d (webtiles) character file.

Game seed: 16993208616298296857

343 kingofthe the Sneak (level 6, 0/32 HPs)
             Began as a Kobold Enchanter on Mar 12, 2023.
             Slain by a hound (6 damage)
             ... on level 4 of the Dungeon.
             The game lasted 00:10:06 (4070 turns).

kingofthe the Sneak (Kobold Enchanter)              Turns: 4070, Time: 00:10:06

Health: 0/32       AC:  0    Str:  6    XL:     6   Next: 88%
Magic:  12/12      EV: 16    Int: 16    God:
Gold:   85         SH:  0    Dex: 17    Spells: 8/13 levels left

rFire   . . .      SeeInvis .   p - +7 dagger "Ukysevo" {elec, rC+ rN+}
rCold   + . .      Faith    .   (no shield)
rNeg    + . .      Spirit   .   b - +0 robe
rPois   .          Reflect  .   f - +0 helmet
rElec   .          Harm     .   D - +0 cloak
rCorr   .          Rampage  .   (no gloves)
Will    .....                   (no boots)
Stlth   ++++......              (no amulet)
HPRegen 0.10/turn               (no ring)
MPRegen 0.13/turn               (no ring)

@: corroded, invisible
A: small, no large weapons, nightstalker 3
a: no special abilities


You were on level 4 of the Dungeon.
You visited 1 branch of the dungeon, and saw 4 of its levels.

You collected 85 gold pieces.


Innate Abilities, Weirdness & Mutations

You are small and have problems with some larger weapons.
You are completely attuned to the shadows.


   Skills:
 - Level 1.3 Short Blades
 * Level 4.7 Dodging
 + Level 5.2 Stealth
 * Level 4.0 Spellcasting
 * Level 4.6 Hexes


You had 8 spell levels left.
You knew the following spells:

 Your Spells              Type           Power      Damage    Failure   Level
a - Ensorcelled Hibernat  Hex/Ice        20%        N/A       10%         2
b - Confusing Touch       Hex            18%        N/A       8%          3

Your spell library contained the following spells:

 Spells                   Type           Power      Damage    Failure   Level
 Tukima's Dance           Hex            18%        N/A       8%          3
 Dazzling Flash           Conj/Hex       20%        N/A       21%         3
 Scorch                   Fire           6%         2d5       26%         2
 Flame Wave               Conj/Fire      3%         2d5       86%         4
 Hailstorm                Conj/Ice       3%         3d3       86%         4
 Ice Form                 Ice/Tmut       3%         N/A       86%         4
 Simulacrum               Ice/Necr       1%         N/A       100%        6
 Summon Cactus Giant      Summ           1%         N/A       100%        6

Inventory:

Hand Weapons
 a - a +1 dagger
 h - a +1 antimagic mace
 p - the +7 dagger "Ukysevo" (weapon) {elec, rC+ rN+}
   (You found it on level 2 of the Dungeon)

   It occasionally discharges a powerful burst of electricity upon striking a
   foe.
   rC:        It protects you from cold.
   rN:        It protects you from negative energy.
 C - a +0 hand axe of flaming
Missiles
 y - 2 throwing nets {=f}
 z - 3 poisoned darts
Armour
 b - a +0 robe (worn)
 f - a +0 helmet (worn)
 D - a +0 cloak (worn)
Scrolls
 d - 2 scrolls of identify {unknown}
 e - 2 scrolls of blinking {unknown}
 k - 2 scrolls of enchant armour {unknown}
 l - 2 scrolls of noise {unknown}
 m - 2 scrolls of enchant weapon {unknown}
 n - a scroll of fog {unknown}
 q - a scroll of silence {unknown}
 s - a scroll of brand weapon {unknown}
 t - a scroll of magic mapping
 u - a scroll of teleportation {unknown}
 B - a scroll of immolation {unknown}
Potions
 c - 2 potions of invisibility
 g - 4 potions of ambrosia {unknown}
 i - a potion of heal wounds {unknown}
 j - 2 potions of brilliance {unknown}
 o - 2 potions of flight {unknown}
 r - a potion of cancellation {unknown}
 v - a potion of berserk rage {unknown}
 w - a potion of haste {unknown}
 x - a potion of lignification {unknown}
 A - a potion of degeneration {unknown}

Dungeon Overview and Level Annotations

Branches:
Dungeon (4/15)             Temple (0/1) D:4

Altars:

Shops:
D:2 [

Annotations:
D:3 1 runed translucent door, Farfigtubin's ghost, amateur HOFi
D:4 Ijyb

*,,,*,,,,*,,,.K........#...8.8.8.
,*,,,,,*,,,,,.......#.....#######
**,,,,,*,,,,).......###...#.##.#
,,,,,,,,,,,,........# #........##
*,,,,,,*,,,,....K)..###.g........
**,,,,,*,,,,....g....##........##
,,,,,,,*,,,,...g........#....#.##
,,,<,,,,,,,,....h....####......##
,,,,,,,,,,,,....@....#*,........#
,,,,,,,,,,>,.##....#..,,.........
,,,,,,,,,,,,,,#....##*,,.........
,,,,,,,,,,,**,.......*,,,..#.....
,,,,,,,,,,,,,........,,,,,,#.....
,,,,,,,,,,,,,,,,,*,,,,,*,,,.....[
,,,,,,,,,,,,*,,,,,,,*****,****,,.
,,,,,,,**,,**,**,,,,*****,** **,.
,,,,,****,,***,*,,*,**,**,,****,.


You could see Ijyb (wandering, unable to see you), a hound, a goblin (wandering,
unable to see you) and a kobold (unable to see you).


Message History

The hound is lightly wounded.
The hound barely misses you. The goblin barely misses you.
Ijyb zaps a wand.
The bolt of acid hits you!
Ouch! That really hurt!
* * * LOW HITPOINT WARNING * * *
The acid corrodes you! The hound barely misses you.
As you read the scroll labelled NORCHO HIRPHI, it crumbles to dust.
You feel aware of your surroundings.
You sensed 5 altars, and 1 shop/portal.
It was a scroll of magic mapping.
The goblin hits you with a +0 club.
* * * LOW HITPOINT WARNING * * *
The goblin closely misses you.
A kobold comes into view. It is wielding a +0 short sword.
The hound closely misses you.
You fade into invisibility!
The hound closely misses you. The goblin barely misses you.
A kobold comes into view. It is wielding a +0 club.
The goblin hits you with a +0 dagger.
* * * LOW HITPOINT WARNING * * *
The hound closely misses you.
Ijyb zaps a wand.
The bolt of acid hits the goblin!
The acid corrodes the goblin!
The goblin dies!
The goblin barely misses you.
The kobold throws a stone.
The stone hits the hound but does no damage.
The hound closely misses you.
Found a war axe.
The kobold throws a stone.
The hound barely misses you.
The hound pauses to sniff the ground.
The hound barely misses you. The hound attacks as you move away!
The hound bites you.
You die...

Skill      XL: |  1  2  3  4  5  6 |
---------------+-------------------+-----
Dodging        | 3 4 |  4.7
Spellcasting   | 3 4 |  4.0
Hexes          | 4 |  4.6
Stealth        | 5 |  5.2
Short Blades   | |  1.3

Action                   |  1- 3 |  4- 6 || total
-------------------------+-------+-------++-------
Melee: Dagger            |   264 |    52 ||   316
       Punch             |     5 |       ||     5
 Cast: Ensorcelled Hiber |     5 |    24 ||    29
  Use: Scroll            |       |     1 ||     1
       Potion            |       |     1 ||     1
 Stab: Sleeping          |    27 |    28 ||    55
Armor: Robe              |     7 |     8 ||    15
Dodge: Dodged            |    34 |    44 ||    78

Levels and vault maps discovered:
D:1:      psy_arrival_heroes, layout_loops_ring, serial_forest,
          infiniplex_forest_lined_4_way, infiniplex_forest_straight_5,
          infiniplex_forest_end_2, infiniplex_forest_side_room,
          infiniplex_forest_straight_2, infiniplex_forest_lined_3_way,
          infiniplex_forest_lined_room_2, infiniplex_forest_zigzag_1
D:2:      layout_basic, chequers_ecumenical_altar_simple, serial_shops,
          nicolae_shop_overgrown_old_shop
D:3:      layout_basic, hellmonk_ghost_happy_afterlife, glass_columns_c
D:4:      kennysheep_the_goblin_king, layout_cave_pools,
          grunt_temple_overflow_open, nicolae_gozag_seed_capital,
          minmay_temple_entry_offerings, enter_ossuary_1

Notes
Turn   | Place    | Note
-------+----------+-------------------------------------------
     0 | D:1      | kingofthe the Kobold Enchanter began the quest for the Orb.
     0 | D:1      | Reached XP level 1. HP: 10/10 MP: 3/3
   291 | D:1      | Reached XP level 2. HP: 15/15 MP: 5/5
   294 | D:1      | Learned a level 2 spell: Ensorcelled Hibernation
   947 | D:1      | Reached XP level 3. HP: 19/19 MP: 3/6
   990 | D:1      | Reached skill level 3 in Dodging
  1665 | D:2      | Identified the +7 dagger "Ukysevo" {elec, rC+ rN+}
  1867 | D:2      | Learned a level 3 spell: Confusing Touch
  1883 | D:2      | Found a faded altar of an unknown god.
  2111 | D:2      | Found Unouvave's Antique Armour Shop.
  2159 | D:2      | Reached XP level 4. HP: 24/24 MP: 8/8
  2217 | D:2      | Reached skill level 3 in Spellcasting
  2590 | D:3      | Found a runed translucent door.
  2590 | D:3      | Noticed Farfigtubin's ghost (amateur HOFi)
  2929 | D:3      | Reached XP level 5. HP: 24/28 MP: 2/9
  3321 | D:3      | Reached skill level 4 in Hexes
  3973 | D:4      | Reached skill level 4 in Dodging
  4009 | D:4      | Reached XP level 6. HP: 32/32 MP: 11/11
  4022 | D:4      | Reached skill level 5 in Stealth
  4047 | D:4      | Noticed Ijyb
  4062 | D:4      | Reached skill level 4 in Spellcasting
  4070 | D:4      | Slain by a hound

Vanquished Creatures
  2 scorpions (D:4)
  A hound (D:4)
  An iguana (D:4)
  3 gnolls (D:3)
  7 adders
  A worm (D:3)
  A dart slug (D:2)
  7 orcs (D:3)
  8 endoplasms
  4 giant cockroaches
  3 goblins
  7 hobgoblins
  4 jackals (D:1)
  A quokka (D:1)
  4 ball pythons
  6 bats
  3 frilled lizards
  5 kobolds
  3 rats
  A bush (D:1)
72 creatures vanquished.

Vanquished Creatures (others)
  A goblin (D:4)
  A plant (D:1)
2 creatures vanquished.

Grand Total: 74 creatures vanquished

Table legend: (Time is in decaauts)
 A = Elapsed time spent in this place.
 B = Non-inter-level travel time spent in this place.
 C = Inter-level travel time spent in this place.
 D = Time resting spent in this place.
 E = Time spent auto-exploring this place.
 F = Levels seen in this place.
 G = Mean time per level.
                   A        B        C        D        E       F      G
               +--------+--------+--------+--------+--------+-----+--------+
         Total |   4046 |   3895 |    151 |    278 |   2781 |   4 | 1011.5 |
       Dungeon |   4046 |   3895 |    151 |    278 |   2781 |   4 | 1011.5 |
               +--------+--------+--------+--------+--------+-----+--------+

Top non-repeatable levels by time:
     D:1: 1611 daAuts
     D:3: 1453 daAuts
     D:2: 872 daAuts
     D:4: 109 daAuts

Table legend:
 A = Non-vault XP
 B = Vault XP
 C = Vault XP percentage of total XP
 D = Non-vault monster count
 E = Vault monster count
 F = Vault count percentage of total count
                 A         B        C        D         E       F
            +---------+---------+-------+---------+---------+-------
      Total |     490 |       0 |   0.0 |      71 |       0 |   0.0
            +---------+---------+-------+---------+---------+-------
        D:1 |      41 |       0 |   0.0 |      23 |       0 |   0.0
        D:2 |      46 |       0 |   0.0 |      11 |       0 |   0.0
        D:3 |     147 |       0 |   0.0 |      31 |       0 |   0.0
        D:4 |     256 |       0 |   0.0 |       6 |       0 |   0.0
            +---------+---------+-------+---------+---------+-------
